 Dungeon Crawl Stone Soup version 0.27-a0-1381-g81fdcbfb23 (webtiles) character file.

Game seed: 16717734339221052481

1247 Froggeryz the Slicer (level 8, -3/52 HPs)
             Began as an Octopode Berserker on June 30, 2021.
             Was a Believer of Trog.
             Slain by a kobold brigand (6 damage)
             ... on level 6 of the Dungeon.
             The game lasted 00:04:58 (5433 turns).

Froggeryz the Slicer (Octopode Berserker)           Turns: 5433, Time: 00:04:59

Health: -3/52      AC:  1    Str: 16    XL:     8   Next: 50%
Magic:  8/8        EV: 14    Int: 10    God:    Trog [**....]
Gold:   316        SH:  0    Dex: 13    Spells: 7/7 levels left

rFire    . . .     SeeInvis .   a - +0 short sword
rCold    + . .     Faith    .   (no shield)
rNeg     . . .     Spirit   .   (helmet restricted)
rPois    .         Reflect  .   n - amulet of regeneration
rElec    .         Harm     .   o - ring of protection from cold
rCorr    .         Rampage  .   (no ring)
Will     .....                  (no ring)
Stlth    ++++......             (no ring)
HPRegen  1.17/turn              (no ring)
MPRegen  0.11/turn              (no ring)
                                (no ring)
                                (no ring)

@: lethally poisoned (-3 -> -4), hasted and slowed
A: almost no armour, amphibious, 8 rings, camouflage 1, gelatinous body 1,
(nimble swimmer 1), tentacles
a: Renounce Religion, Berserk, Trog's Hand


You were on level 6 of the Dungeon.
You worshipped Trog.
Trog was pleased with you.
You visited 1 branch of the dungeon, and saw 6 of its levels.

You collected 316 gold pieces.

Inventory:

Hand Weapons
 a - a +0 short sword (weapon)
Missiles
 k - 2 poisoned darts
 p - 6 javelins
 v - 13 boomerangs
Jewellery
 f - an amulet of guardian spirit
 n - an amulet of regeneration (around mantle)
 o - a ring of protection from cold (left tentacle)
 t - a ring of ice
 u - a +6 ring of dexterity
Wands
 g - a wand of paralysis (10)
 s - a wand of flame (33)
Scrolls
 d - a scroll of brand weapon {unknown}
 j - a scroll of teleportation {unknown}
 l - a scroll of vulnerability {unknown}
 m - a scroll of immolation {unknown}
 q - a scroll of blinking {unknown}
 r - 2 scrolls of identify {unknown}
 w - 2 scrolls of amnesia {unknown}
 y - a scroll of enchant weapon {unknown}
Potions
 b - 3 potions of haste
 c - 2 potions of attraction {unknown}
 e - a potion of degeneration {unknown}
 h - a potion of might {unknown}
 i - 2 potions of heal wounds {unknown}
 x - 2 potions of curing {unknown}
 z - a potion of cancellation {unknown}


   Skills:
 - Level 3.0 Fighting
 * Level 8.7 Short Blades
 + Level 3.9 Dodging
 - Level 7.1 Stealth


You had 7 spell levels left.
You didn't know any spells.
Your spell library was empty.

Dungeon Overview and Level Annotations

Branches:
Dungeon (6/15)             Temple (0/1) D:5

Altars:
Makhleb
Trog
Vehumet
Beogh

Shops:
D:1 ([:(   D:2 =

Annotations:
D:4 3 runed translucent doors, Xenoroth's ghost, amateur OgHu


Innate Abilities, Weirdness & Mutations

You cannot wear most types of armour.
You are amphibious.
You can wear up to eight rings at the same time.
Your skin changes colour to match your surroundings (Stealth+).
Your rubbery body absorbs attacks. (AC +1, EV +1)
((You are camouflaged near water. (Stealth+)))
You have tentacles for arms and can constrict up to eight enemies at once.


Message History

You hit the kobold brigand. Your grab misses the kobold brigand.
The kobold brigand is lightly wounded.
The kobold brigand hits you with a +0 dagger!
You barely miss the kobold brigand. You grab the kobold brigand.
The kobold brigand is lightly wounded.
You recover from your berserk rage.
You constrict the kobold brigand, but do no damage.
You hit the gnoll. Your grab misses the gnoll.
The gnoll is lightly wounded.
You constrict the kobold brigand.
The kobold brigand hits you with a +0 dagger.
The orc warrior closely misses you.
You barely miss the gnoll. Your grab misses the gnoll.
The gnoll is lightly wounded.
You constrict the kobold brigand.
The gnoll hits you with a +0 long sword.
The kobold brigand struggles to escape constriction.
The orc warrior hits you from afar with a +0 trident!
You hit the kobold brigand.
The kobold brigand is severely wounded.
You constrict the kobold brigand, but do no damage.
The gnoll hits you with a +0 long sword.
You release your grip on the kobold brigand.
The kobold brigand throws a curare-tipped dart.
The curare-tipped dart hits you.
You are poisoned.
You have difficulty breathing.
* * * LOW HITPOINT WARNING * * *
You feel yourself slow down.
The gnoll throws a stone.
The stone hits you.
* * * LOW HITPOINT WARNING * * *
* * * LOW HITPOINT WARNING * * *
You feel very sick.
The gnoll throws a stone.
The stone completely misses you.
Okay, then.
Okay, then.
It was a potion of haste.
You feel yourself speed up.
* * * LOW HITPOINT WARNING * * *
You feel very sick.
The kobold brigand hits you with a +0 dagger.
You die...

P♣PP.....P♣P.. #######
♣♣♣..).♣PPP♣P .......
##'''#PPPPP .......
#...#P♣♣♣P ....... #.>.#####
..).$.. #.).#...# .......
#...#...#
......†####++########'#...#P
......)KKoK@.......))))...#.
.......'.g...........)'...#.
############################


You could see an orc warrior, a kobold brigand, a gnoll and 2 kobolds.

Vanquished Creatures
  A water moccasin (D:5)
  A sky beast (D:6)
  2 ogres
  2 centaurs (D:6)
  A phantom (D:5)
  A bullfrog (D:6)
  A gnoll sergeant (D:6)
  A scorpion (D:4)
  2 howler monkeys
  2 hounds
  An orc priest (D:6)
  A gnoll shaman (D:6)
  2 iguanas (D:5)
  An orc wizard (D:4)
  7 adders
  4 gnolls
  A shadow imp (D:5)
  A white imp (D:6)
  An ufetubus (D:4)
  A worm (D:2)
  3 dart slugs
  6 orcs
  3 ball pythons
  9 bats
  4 endoplasms
  4 giant cockroaches
  7 goblins
  9 hobgoblins
  2 jackals (D:4)
  8 kobolds
  2 quokkas
  A frilled lizard (D:2)
  2 rats (D:2)
94 creatures vanquished.

Vanquished Creatures (others)
  A plant (D:5)
1 creature vanquished.

Grand Total: 95 creatures vanquished

Notes
Turn   | Place    | Note
-------+----------+-------------------------------------------
     0 | D:1      | Froggeryz the Octopode Berserker began the quest for the
                  | Orb.
     0 | D:1      | Reached XP level 1. HP: 16/16 MP: 1/1
    18 | D:1      | Found Lofietz's Antique Armour Emporium.
    83 | D:1      | Found Hidaom's Weapon Emporium.
   101 | D:1      | Reached skill level 1 in Stealth
   106 | D:1      | Reached XP level 2. HP: 20/21 MP: 2/2
   652 | D:1      | Found a faded altar of an unknown god.
   654 | D:1      | Found Ychubb's Weapon Shoppe.
   670 | D:1      | Found Benoiv's Book Shop.
   679 | D:1      | Reached XP level 3. HP: 26/26 MP: 3/3
   998 | D:1      | Found Juehol's Weapon Boutique.
  1113 | D:2      | Reached skill level 4 in Short Blades
  1606 | D:2      | Reached XP level 4. HP: 28/31 MP: 4/4
  1608 | D:2      | Found Cythausk's Jewellery Emporium.
  2228 | D:3      | Found a burning altar of Makhleb.
  2470 | D:3      | Found a radiant altar of Vehumet.
  2886 | D:4      | Noticed a scorpion
  2894 | D:4      | Killed a scorpion
  2895 | D:4      | Reached XP level 5. HP: 17/36 MP: 5/5
  2962 | D:4      | Reached skill level 5 in Short Blades
  3048 | D:4      | Reached ** piety under Trog
  3189 | D:4      | Found a runed translucent gate.
  3189 | D:4      | Found a runed translucent gate.
  3191 | D:4      | Found a runed translucent gate.
  3193 | D:4      | Identified the +0 leather armour of the Hidden Scars
                  | {Str+6}
  3193 | D:4      | Noticed Xenoroth's ghost (amateur OgHu)
  3642 | D:4      | Reached XP level 6. HP: 35/42 MP: 6/6
  3929 | D:5      | Entered Level 5 of the Dungeon
  3959 | D:5      | Noticed a water moccasin
  3965 | D:5      | Killed a water moccasin
  3966 | D:5      | Reached skill level 6 in Short Blades
  3966 | D:5      | Reached skill level 5 in Stealth
  4043 | D:5      | Reached XP level 7. HP: 30/46 MP: 7/7
  4108 | D:5      | Found a bloodstained altar of Trog.
  4367 | D:5      | Found a staircase to the Ecumenical Temple.
  4489 | D:5      | Reached skill level 7 in Short Blades
  5124 | D:6      | Reached XP level 8. HP: 49/52 MP: 8/8
  5292 | D:6      | Reached skill level 8 in Short Blades
  5433 | D:6      | Slain by a kobold brigand

Illustrated notes

Levels and vault maps discovered:
D:1:      zelgadis_glass_arrival_small, layout_loops_ring,
          shapermc_ecumenical_altar_mp_ritualfount, serial_shops,
          shop_fountains, shop, nicolae_shop_competitors_out_of_business,
          nicolae_shop_behind_doors, shop
D:2:      layout_loops_ring, serial_shops, nicolae_shop_waterfront,
          minmay_hedge_maze, minmay_tromino_v7
D:3:      layout_basic, overflow_temple_1_default, overflow_temple_1_default,
          chequers_serial_rivers_micro_a
D:4:      layout_basic, biasface_ghost_orc_armoury
D:5:      layout_basic, overflow_temple_1_default, lemuel_temple_firewalk_b,
          serial_bayou_pond_a
D:6:      kennysheep_housing_project, layout_basic, hangedman_decor_lopped

Skill      XL: |  1  2  3  4  5  6  7  8 |
---------------+-------------------------+-----
Stealth        | 1 2 3 4 5 7 |  7.1
Short Blades   | 4 5 6 7 8 |  8.7
Fighting       | |  3.0
Dodging        | |  3.9

Action                   |  1- 3 |  4- 6 |  7- 9 || total
-------------------------+-------+-------+-------++-------
Melee: Short sword       |    58 |    67 |   105 ||   230
       Tentacles         |    15 |    14 |    22 ||    51
       Constrict         |    15 |    14 |    16 ||    45
Invok: Berserk           |     2 |       |     2 ||     4
       Trog's Hand       |       |       |     1 ||     1
  Use: Scroll            |     1 |       |       ||     1
       Potion            |       |       |     1 ||     1
 Stab: Sleeping          |    11 |     9 |     6 ||    26
       Distracted        |       |     1 |     2 ||     3
Armor: Skin              |     7 |     3 |     4 ||    14
Dodge: Dodged            |    22 |    34 |    59 ||   115

Table legend: (Time is in decaauts)
 A = Elapsed time spent in this place.
 B = Non-inter-level travel time spent in this place.
 C = Inter-level travel time spent in this place.
 D = Time resting spent in this place.
 E = Time spent auto-exploring this place.
 F = Levels seen in this place.
 G = Mean time per level.
                   A        B        C        D        E       F      G
               +--------+--------+--------+--------+--------+-----+--------+
         Total |   5428 |   5310 |    118 |    347 |   4362 |   6 |  904.7 |
       Dungeon |   5428 |   5310 |    118 |    347 |   4362 |   6 |  904.7 |
               +--------+--------+--------+--------+--------+-----+--------+

Top non-repeatable levels by time:
     D:2: 1140 daAuts
     D:1: 1040 daAuts
     D:4: 1040 daAuts
     D:5: 900 daAuts
     D:3: 712 daAuts
     D:6: 593 daAuts
